AoeStats
← Shredded_Pork

Arena

507489391Analyzed
4v4 RM · 14d ago on Sep 18, 2026· 78m 26s· 8 players
Game mode
Random Map
Map size
Large (8 player)
Population
200
Speed
Normal
Resources
Standard
Victory
Conquest
Starting age
Dark Age
Ending age
Imperial Age
RankedLock teamsTeams togetherTeam positionsShared explorationLock speedFull tech treeHidden civsTurbo modeCheats
Victory
Defeat
🇮🇹 Bohemians · Italy
728
+15
🇨🇳 Koreans · China
703
+16
🇨🇳 Magyars · China
696
+16
🇨🇳 Bulgarians · China
635
+20
🇩🇪 Franks · Germany
743
-18
🇫🇷 Persians · France
726
-18
🇷🇺 Teutons · Russia
720
-17
🇷🇺 Mongols · Russia
634
-14
Shredded_Pork
11:55 Feudal Age
12:51 Double-Bit Axe
12:49 Horse Collar
20:10 Castle Age
21:37 Bow Saw
25:29 Stone Mining
25:30 Gold Mining
27:49 Stone Shaft Mining
27:49 Gold Shaft Mining
32:59 Imperial Age
31:32 Wheelbarrow
31:01 Heavy Plow
33:07 Hand Cart
33:31 Gold Shaft Mining
33:13 Forging
33:09 Scale Barding Armor
33:07 Scale Mail Armor
32:58 Fletching
32:39 Pikeman
33:21 Squires
34:19 Iron Casting
34:59 Chemistry
34:19 Ballistics
34:31 Conscription
35:36 Two-Man Saw
34:36 Bodkin Arrow
34:56 Chain Mail Armor
34:24 Halberdier
37:44 Masonry
39:38 Plate Mail Armor
39:09 Bracer
46:40 Arson
56:31 Architecture
57:50 Elite Fire Lancer
62:21 Caravan
DogeDogOfVenice
2:48 Loom
10:28 Feudal Age
11:46 Wheelbarrow
11:00 Double-Bit Axe
12:00 Horse Collar
20:34 Castle Age
18:48 Padded Archer Armor
19:43 Fletching
21:18 Crossbowman
23:20 Leather Archer Armor
24:17 Bodkin Arrow
26:47 Bow Saw
28:24 Heavy Plow
35:08 Imperial Age
32:08 Elite Skirmisher
36:11 Chemistry
36:07 Arbalester
39:29 Conscription
40:29 Ring Archer Armor
39:59 Bracer
40:26 Treadmill Crane
41:39 Bracer
43:11 Hussite Reforms
44:29 Wagenburg Tactics
50:38 Fervor
50:49 Sanctity
50:55 Illumination
50:46 Block Printing
50:44 Herbal Medicine
52:19 Ballistics
52:49 Caravan
55:09 Heresy
55:31 Fortified Wall
55:32 Masonry
56:30 Elite Hussite Wagon
58:10 Redemption
58:04 Atonement
58:04 Devotion
58:40 Theocracy
62:25 Sappers
64:04 Siege Engineers
64:29 Architecture
64:47 Houfnice
79:01 Murder Holes
菜鸟驿站
12:49 Feudal Age
21:15 Castle Age
19:57 Bloodlines
24:25 Scale Barding Armor
35:39 Imperial Age
36:40 Light Cavalry
42:44 Ballistics
52:18 Horse Collar
56:57 Corvinian Army
57:52 Wheelbarrow
59:33 Murder Holes
59:55 Masonry
62:16 Loom
62:50 Hand Cart
63:04 Chain Barding Armor
68:02 Double-Bit Axe
68:35 Elite Magyar Huszar
JoelReagan
0:34 Loom
13:40 Feudal Age
14:50 Horse Collar
15:53 Double-Bit Axe
17:09 Gold Mining
20:53 Fletching
21:04 Padded Archer Armor
21:34 Stone Mining
22:02 Arson
27:34 Scale Mail Armor
27:45 Forging
27:42 Scale Barding Armor
29:42 Bloodlines
33:18 Castle Age
34:02 Heavy Plow
34:14 Bow Saw
34:43 Gold Shaft Mining
34:11 Husbandry
35:35 Ballistics
35:25 Masonry
35:11 Murder Holes
35:17 Bodkin Arrow
35:38 Leather Archer Armor
36:05 Squires
35:51 Gambesons
35:28 Elite Skirmisher
38:25 Wheelbarrow
39:50 Chain Mail Armor
40:19 Thumb Ring
42:06 Stone Shaft Mining
41:44 Stirrups
42:03 Pikeman
47:13 Imperial Age
45:00 Hand Cart
45:42 Town Watch
48:57 Parthian Tactics
47:54 Cavalier
48:02 Capped Ram
50:23 Chain Barding Armor
50:57 Bracer
51:34 Plate Barding Armor
53:40 Conscription
52:44 Elite Konnik
55:27 Chemistry
54:33 Siege Engineers
57:04 Town Patrol
62:11 Iron Casting
66:10 Blast Furnace
Apnix
10:52 Feudal Age
11:42 Double-Bit Axe
11:38 Horse Collar
16:24 Stone Mining
21:25 Castle Age
21:35 Loom
22:47 Town Watch
23:16 Scale Mail Armor
23:21 Scale Barding Armor
23:26 Forging
23:16 Padded Archer Armor
23:06 Fletching
23:43 Caravan
28:57 Arson
28:58 Gambesons
28:33 Man-at-Arms
29:58 Squires
31:41 Long Swordsman
31:42 Pikeman
32:34 Pikeman
34:22 Town Patrol
38:25 Wheelbarrow
41:08 Imperial Age
39:41 Bloodlines
41:13 Cavalier
43:47 Two-Handed Swordsman
50:25 Iron Casting
50:05 Chain Mail Armor
50:10 Chain Barding Armor
50:08 Leather Archer Armor
56:55 Elite Skirmisher
62:42 Blast Furnace
61:57 Chain Mail Armor
62:02 Chain Barding Armor
62:32 Champion
68:29 Bow Saw
68:23 Heavy Plow
69:31 Fortified Wall
69:33 Masonry
76:14 Guard Tower
77:44 Hand Cart
zauberkugel112
0:26 Loom
10:39 Feudal Age
11:59 Wheelbarrow
11:16 Double-Bit Axe
19:22 Castle Age
21:25 Hand Cart
22:50 Stone Mining
23:13 Squires
22:34 Pikeman
23:31 Gold Mining
24:50 Gold Shaft Mining
29:18 Bow Saw
32:31 Imperial Age
30:54 Arson
31:31 #83
32:12 Scale Mail Armor
32:22 Forging
34:24 Chemistry
33:17 Capped Ram
33:27 Halberdier
34:28 Chain Mail Armor
34:35 Husbandry
34:43 Scale Barding Armor
36:01 Conscription
37:54 Elite Throwing Axeman
41:27 Plate Mail Armor
41:58 Light Cavalry
44:19 Cavalier
45:37 Iron Casting
49:04 Chivalry
50:54 Blast Furnace
50:15 Chain Barding Armor
51:59 Fortified Wall
52:53 Elite Skirmisher
58:51 Crossbowman
62:58 Onager
64:35 Siege Engineers
Sandroudrou
0:37 Loom
11:03 Feudal Age
12:14 Wheelbarrow
11:25 Town Watch
11:24 Horse Collar
11:33 Double-Bit Axe
12:45 Gold Mining
13:01 Arson
17:30 Man-at-Arms
23:13 Castle Age
21:18 Stone Mining
21:56 Scale Mail Armor
23:37 Forging
26:13 Long Swordsman
27:01 Gambesons
29:00 Light Cavalry
30:13 Bow Saw
29:37 Elite Skirmisher
31:13 Husbandry
31:43 Bloodlines
32:07 Crossbowman
34:13 Hand Cart
36:04 Town Patrol
41:00 Imperial Age
39:33 Thumb Ring
40:41 Parthian Tactics
39:38 Pikeman
42:37 Hoardings
42:38 Squires
44:32 Gold Shaft Mining
44:33 Stone Shaft Mining
44:11 Heavy Plow
44:03 Pikeman
46:12 Two-Man Saw
47:45 Kamandaran
52:44 Fletching
52:54 Padded Archer Armor
53:10 Chain Mail Armor
53:01 Scale Barding Armor
53:33 Iron Casting
52:35 Heavy Scorpion
53:26 Murder Holes
53:42 Masonry
53:53 Ballistics
57:04 Crop Rotation
61:51 Cavalier
71:50 Caravan
72:22 Coinage
72:03 Guilds
74:30 Banking
76:18 Citadels
xLEOx
11:24 Feudal Age
11:30 Feudal Age
16:42 Castle Age
31:30 Imperial Age
30:18 Wheelbarrow
29:32 Double-Bit Axe
29:58 Horse Collar
30:33 Bow Saw
30:20 Gold Mining
30:24 Stone Mining
31:40 Hand Cart
31:49 Heavy Plow
35:12 Padded Archer Armor
35:04 Fletching
34:40 Elite Mangudai
36:00 Conscription
36:00 Drill
39:02 Bodkin Arrow
39:23 Leather Archer Armor
41:38 Bracer
42:42 Capped Ram
44:24 Siege Ram
48:05 Chemistry
47:27 Ballistics
56:12 Elite Steppe Lancer
60:35 Elite Skirmisher
60:39 Pikeman
61:20 Squires
Connection lost

Rejoining the realm…

Still unreachable

The connection could not be restored.

Session expired

The server has moved on; the page needs a fresh start.